Map: Ancient Cistern LE

Players

SLicKcHeeZEE

  • Race: Zerg Zerg
  • Spawn Location: 7:00

A.I. 1 (Very Hard) - Winner!

  • Race: Terran Terran
  • Spawn Location: 1:00

VOD

Have the link to the VOD?

Description

Time

  • Played on: Sept. 3, 2026, 12:29 p.m.
  • Length: 19:03
Show
View Real Time Build Order
Export as new Build Order

SLicKcHeeZEE Zerg 

Build Orders: Hatch First, Roach Hydra 

Get SALT Encoding   

  6  0:00  Drone  
  9  0:11  Drone  
  10  0:17  Drone  
  11  0:28  Overlord  
  11  0:34  Drone  
  12  0:46  Drone x2  
  14  0:51  Drone  
  15  1:13  Hatchery  
  15  1:15  Drone  
  15  1:20  Drone  
  16  1:35  Spawning Pool  
  16  1:38  Extractor  
  14  1:40  Drone  
  14  1:44  Drone  
  16  1:49  Drone  
  16  1:52  Drone  
  18  2:00  Overlord  
  18  2:10  Drone  
  19  2:24  Queen  
  19  2:26  Queen  
  23  2:31  Drone  
  23  2:34  Drone  
  23  2:36  Drone  
  26  2:40  Drone  
  26  2:43  Drone  
  28  2:47  Drone  
  29  2:52  Drone  
  30  2:58  Overlord  
  30  3:08  Lair  
  30  3:13  Roach Warren  
  30  3:15  Extractor  
  30  3:18  Drone x2  
  30  3:23  Overlord  
  30  3:26  Drone  
  31  3:29  Drone  
  32  3:34  Drone  
  32  3:35  Drone  
  32  3:36  Drone  
  35  3:45  Drone  
  35  3:46  Drone  
  37  3:53  Roach x2  
  37  3:54  Roach  
  37  3:55  Roach  
  45  3:56  Drone  
  46  4:03  Overlord  
  46  4:12  Hydralisk Den  
  45  4:25  Extractor  
  45  4:30  Hatchery, Evolution Chamber  
  42  4:33  Evolution Chamber  
  42  4:36  Glial Reconstitution  
  41  4:41  Hydralisk x2  
  45  4:46  Drone x3  
  45  4:51  Grooved Spines  
  48  4:55  Queen  
  50  5:03  Zerg Ground Armor Level 1  
  50  5:16  Zerg Missile Weapons Level 1  
  50  5:17  Overlord  
  50  5:19  Drone x2  
  50  5:20  Drone x2  
  54  5:40  Overlord  
  54  5:47  Extractor  
  53  5:50  Drone x2  
  53  5:51  Drone  
  56  6:02  Drone  
  56  6:03  Drone x3  
  60  6:23  Hatchery  
  60  6:25  Muscular Augments  
  59  6:28  Drone x2  
  59  6:29  Drone x2  
  63  6:38  Overlord  
  63  6:44  Queen  
  65  6:49  Overlord  
  65  6:55  Roach x3, Hydralisk x2  
  65  6:58  Roach  
  65  6:59  Roach x2, Hydralisk  
  83  7:02  Overlord x2  
  83  7:17  Extractor  
  83  7:19  Drone x3  
  85  7:25  Zerg Ground Armor Level 2  
  85  7:26  Zerg Missile Weapons Level 2  
  85  7:41  Overlord x4  
  85  8:03  Roach x3, Hydralisk x2  
  85  8:04  Roach x2, Hydralisk x2  
  85  8:05  Roach x3, Hydralisk x2  
  109  8:06  Roach x2  
  117  8:18  Drone x3  
  120  8:23  Drone  
  120  8:24  Drone x2  
  120  8:25  Hydralisk x3  
  120  8:26  Hydralisk  
  131  8:37  Roach x3, Hydralisk  
  131  8:39  Hydralisk  
  141  8:42  Hydralisk  
  143  8:54  Overlord x2  
  143  8:59  Drone  
  143  9:00  Overlord x3  
  144  9:14  Ravager  
  147  9:17  Roach x2, Hydralisk x3  
  147  9:18  Hydralisk  
  92  9:43  Roach x13  
  92  9:44  Roach  
  114  9:54  Queen  
  116  10:24  Roach x3, Hydralisk x2  
  116  10:26  Roach x3, Hydralisk x2  
  116  10:28  Hydralisk x2  
  140  10:46  Roach x2  
  140  10:47  Hydralisk x2  
  140  10:48  Hydralisk x2, Roach x2  
  140  10:49  Hydralisk x2, Roach x2  
  164  10:55  Overlord x2  
  164  11:08  Burrow  
  164  11:45  Roach x3, Hydralisk x2  
  174  11:47  Hydralisk  
  174  11:48  Hydralisk x2, Roach x2  
  174  11:49  Hydralisk x2, Roach x2  
  174  11:50  Hydralisk, Roach x2  
  198  12:23  Spine Crawler  
  105  13:32  Hydralisk x2, Roach  
  105  13:33  Roach x3, Hydralisk x2  
  105  13:34  Hydralisk x3, Roach x2  
  93  13:35  Roach x3, Hydralisk x2  
  93  13:36  Hydralisk x3, Roach x3  
  111  14:02  Hydralisk  
  111  14:03  Hydralisk x14  
  141  14:30  Extractor  
  140  14:31  Extractor  
  139  14:52  Hatchery  
  138  14:58  Roach x3, Hydralisk x2  
  138  14:59  Hydralisk x2, Roach x3  
  158  15:00  Hydralisk x2, Roach x3  
  158  15:01  Hydralisk x2, Roach x3  
  158  15:02  Hydralisk x2, Roach x3  
  188  15:33  Hydralisk x2, Roach x2  
  188  15:34  Roach x2  
  200  15:51  Extractor  
  200  15:52  Extractor  
  124  16:50  Hydralisk x3, Roach x3  
  124  16:51  Hydralisk x3, Roach x4  
  124  16:52  Roach x4, Hydralisk x2  
  124  16:53  Roach x3  
  106  17:31  Queen  
  108  17:40  Roach  
  108  17:41  Roach x2, Hydralisk x2  
  108  17:42  Hydralisk x2, Roach x3  
  108  17:43  Hydralisk, Roach x3  
Show
View Real Time Build Order
Export as new Build Order

A.I. 1 (Very Hard) Terran - Winner!

Build Orders:  

Get SALT Encoding   

  6  0:00  SCV  
  9  0:13  SCV  
  10  0:25  SCV  
  11  0:37  SCV  
  12  0:46  Supply Depot  
  12  0:49  SCV  
  13  1:08  SCV  
  13  1:10  Barracks  
  14  1:20  SCV  
  15  1:32  SCV  
  16  1:44  SCV  
  17  1:52  Supply Depot  
  17  1:56  SCV, Marine  
  17  1:57  Refinery  
  19  2:08  SCV  
  20  2:14  Marine  
  21  2:20  Barracks, SCV  
  22  2:29  Refinery  
  22  2:32  Marine, SCV  
  24  2:44  SCV  
  24  2:45  Supply Depot  
  24  2:50  Marine  
  26  2:56  SCV  
  27  3:07  Marine  
  27  3:08  SCV  
  27  3:09  Factory  
  29  3:14  Marine  
  30  3:21  SCV  
  30  3:25  Marine  
  32  3:32  Marine  
  32  3:33  SCV  
  34  3:43  Marine  
  34  3:45  SCV  
  36  3:57  SCV  
  36  3:59  Supply Depot  
  37  4:10  Factory Tech Lab  
  37  4:20  Marine  
  37  4:21  Marine, SCV  
  37  4:22  Starport  
  40  4:33  SCV  
  41  4:38  Marine x2  
  41  4:45  SCV  
  44  4:51  Barracks  
  44  4:57  SCV  
  44  4:59  Supply Depot  
  45  5:13  Barracks Tech Lab  
  45  5:18  Barracks Reactor  
  45  5:21  SCV  
  46  5:22  Command Center  
  46  5:25  Supply Depot  
  46  5:31  Stimpack, Marine  
  46  5:34  Orbital Command  
  47  5:41  Barracks Tech Lab  
  47  5:48  Siege Tank  
  47  5:49  Marauder  
  52  5:57  Supply Depot  
  52  5:59  Marauder  
  54  6:04  Combat Shield  
  54  6:11  Marauder  
  56  6:12  Engineering Bay  
  56  6:20  Siege Tank  
  56  6:21  Marauder  
  61  6:32  Marauder  
  63  6:34  SCV  
  63  6:35  SCV  
  63  6:38  Terran Infantry Weapons Level 1  
  65  6:44  Marauder  
  65  6:47  SCV  
  68  6:49  SCV  
  68  6:53  Siege Tank  
  68  6:54  Marauder  
  74  6:57  Supply Depot  
  74  6:59  SCV  
  74  7:01  SCV  
  76  7:05  Marauder  
  78  7:11  SCV  
  78  7:15  Marauder  
  81  7:17  Refinery  
  81  7:19  SCV  
  82  7:23  Supply Depot  
  82  7:24  SCV  
  82  7:25  Siege Tank  
  82  7:26  Concussive Shells  
  82  7:27  Marauder  
  88  7:31  SCV  
  88  7:32  Engineering Bay  
  88  7:36  SCV  
  90  7:43  Orbital Command, Missile Turret  
  90  7:47  Supply Depot  
  90  7:48  SCV  
  91  7:52  Missile Turret  
  91  7:58  Terran Infantry Armor Level 1  
  91  8:00  Barracks, Starport Reactor, SCV  
  91  8:04  Marine  
  93  8:06  Marine  
  93  8:09  Marauder  
  93  8:12  SCV  
  97  8:14  SCV  
  97  8:15  Supply Depot  
  98  8:22  Marauder  
  98  8:24  Siege Tank, SCV  
  104  8:35  Missile Turret  
  104  8:36  Medivac  
  104  8:37  Medivac  
  104  8:41  Supply Depot  
  108  8:45  Command Center  
  108  8:55  Missile Turret  
  108  8:56  Siege Tank  
  108  8:58  Armory  
  111  9:08  Supply Depot  
  111  9:15  Refinery  
  111  9:25  Armory, Marauder  
  111  9:27  Marine x2  
  111  9:28  Marine, Missile Turret, Widow Mine  
  111  9:29  Marine  
  81  9:45  Marine x2, Terran Vehicle And Ship Armor Level 1  
  79  9:46  Marauder, Marine  
  79  9:48  Marine  
  79  9:50  Widow Mine  
  77  9:57  SCV  
  77  9:58  SCV  
  79  10:00  SCV  
  79  10:03  Marine  
  79  10:04  Marine  
  79  10:05  Marauder  
  84  10:07  Marine  
  84  10:09  SCV  
  84  10:10  SCV  
  84  10:11  Widow Mine  
  84  10:12  Terran Vehicle Weapons Level 1, SCV  
  90  10:16  Marine  
  90  10:20  Marine  
  92  10:21  SCV  
  92  10:23  SCV  
  92  10:25  SCV, Marauder, Marine  
  98  10:32  Siege Tank  
  98  10:33  SCV  
  98  10:34  Missile Turret  
  98  10:35  SCV  
  103  10:36  Missile Turret  
  103  10:37  SCV  
  103  10:42  Marine x2  
  106  10:44  Marauder  
  106  10:45  SCV  
  106  10:47  SCV  
  106  10:49  SCV, Marauder  
  113  10:55  Terran Infantry Weapons Level 2  
  113  10:57  SCV  
  113  11:02  Orbital Command  
  114  11:04  Siege Tank  
  114  11:05  Marauder, Medivac  
  114  11:11  Marauder, Factory  
  123  11:12  Command Center  
  123  11:17  Supply Depot  
  123  11:27  Marauder  
  123  11:28  Refinery  
  123  11:32  Marauder  
  127  11:35  Starport  
  127  11:37  Widow Mine, Refinery  
  129  11:41  Supply Depot  
  129  11:45  Hi-Sec Auto Tracking  
  129  11:48  Marauder  
  129  11:53  Marine  
  132  11:54  Marine, Factory Tech Lab  
  132  11:55  Marine  
  132  11:56  Marine  
  132  11:58  Siege Tank  
  132  11:59  SCV  
  139  12:07  Barracks  
  139  12:09  Marine, Supply Depot  
  139  12:11  Marine, Starport Tech Lab  
  139  12:12  Siege Tank  
  144  12:20  Factory, Barracks Tech Lab  
  144  12:21  Infernal Pre-Igniter  
  144  12:25  SCV x3  
  144  12:26  SCV  
  148  12:30  Hellion  
  148  12:35  Refinery  
  150  12:37  Missile Turret  
  150  12:40  Planetary Fortress, Missile Turret  
  150  12:42  Neosteel Armor  
  150  12:43  Missile Turret  
  150  12:44  Cyclone, Missile Turret  
  150  12:46  Terran Vehicle Weapons Level 2  
  150  12:48  Missile Turret, Refinery  
  153  12:51  Cyclone  
  153  12:54  Raven  
  153  12:56  Supply Depot  
  157  12:59  SCV  
  157  13:02  SCV  
  157  13:04  Hellion, Marauder  
  162  13:08  Marauder  
  162  13:09  Marauder  
  162  13:11  Command Center, Marine  
  161  13:13  SCV  
  161  13:14  Marine  
  161  13:16  Hellion  
  161  13:17  SCV  
  161  13:19  SCV  
  142  13:22  SCV  
  142  13:24  Hellion  
  142  13:25  Marine  
  115  13:27  Marine  
  115  13:28  Raven  
  115  13:29  Marine  
  115  13:30  Marine  
  115  13:31  Marine  
  115  13:33  Marine  
  103  13:35  Hellion  
  103  13:39  Siege Tank  
  100  13:45  SCV  
  100  13:46  Siege Tank  
  100  13:47  SCV  
  96  13:48  SCV  
  96  13:49  SCV  
  96  13:52  Marine  
  96  13:57  Hellion, SCV  
  96  14:00  SCV  
  100  14:03  Marine x2  
  100  14:07  Marauder  
  104  14:11  Marine, Hellion  
  104  14:15  Marine  
  108  14:18  Siege Tank, Hellion  
  113  14:29  Planetary Fortress  
  113  14:32  Siege Tank  
  113  14:35  Missile Turret  
  116  14:39  Missile Turret  
  116  14:40  Hellion  
  118  14:45  Terran Infantry Weapons Level 3  
  118  14:47  Medivac  
  118  14:50  Raven, Widow Mine  
  124  14:53  Medivac  
  126  15:01  Hellion  
  126  15:04  Siege Tank  
  126  15:06  Terran Vehicle Weapons Level 3, Factory  
  131  15:08  Command Center  
  131  15:11  Hellion  
  133  15:17  Medivac  
  135  15:22  Factory Tech Lab  
  135  15:24  Viking  
  135  15:26  Viking  
  139  15:29  Marine  
  139  15:31  Marine x2  
  139  15:32  Marine  
  139  15:33  Cyclone  
  146  15:37  Siege Tank, Marine  
  146  15:40  Marine  
  146  15:41  Hellion  
  153  15:47  Viking, Marine  
  153  15:49  Ghost Academy  
  158  15:50  Widow Mine  
  158  15:51  Marauder  
  158  15:53  Marine  
  158  15:54  Viking  
  158  15:56  Marauder  
  165  15:59  Medivac  
  165  16:02  Siege Tank  
  170  16:04  Thor  
  170  16:06  Marauder  
  170  16:09  Widow Mine  
  182  16:11  Widow Mine  
  182  16:15  Refinery  
  182  16:16  Refinery  
  182  16:19  Ghost  
  182  16:20  Marauder  
  182  16:22  Marine x2  
  182  16:23  Marine  
  166  16:27  Marine  
  166  16:29  Raven  
  166  16:30  Thor  
  151  16:33  Hellion  
  151  16:34  Refinery, Siege Tank  
  128  16:40  Marine x3  
  128  16:41  Marine  
  128  16:45  Marine  
  124  16:47  Cyclone  
  124  16:48  Refinery, Marauder  
  124  16:54  Hellion  
  124  16:57  Marine  
  124  16:58  Marine x2  
  124  16:59  Marine  
  124  17:02  Planetary Fortress  
  124  17:04  Marauder  
  124  17:05  Missile Turret  
  124  17:06  Hellion  
  125  17:10  Marauder  
  125  17:13  Siege Tank  
  125  17:14  SCV  
  125  17:15  Marine x2  
  126  17:16  SCV, Marine  
  126  17:19  Hellion, Command Center  
  126  17:20  Siege Tank  
  133  17:28  Hellion  
  133  17:29  Missile Turret  
  135  17:40  Medivac, Widow Mine  
  139  17:45  Siege Tank  
  139  17:49  Cyclone  
  145  17:51  Raven  
  145  17:52  Widow Mine  
  145  17:55  Medivac  
  151  18:00  Marine  
  151  18:01  Marine, Hellion  
  151  18:04  Marine x2  
  157  18:06  Marine  
  157  18:07  Marine  
  157  18:10  Medivac  
  161  18:13  Siege Tank  
  161  18:17  Hellion  
  161  18:18  Marauder  
  161  18:19  Marine  
  169  18:21  Widow Mine, Marine  
  169  18:23  Marauder, Hellion  
  169  18:25  Viking, Marauder  
  180  18:30  Viking  
  182  18:39  Hellion, Marauder  
  199  18:50  Command Center  
Tags
 
Composition
Roach Hydra
Matchup
TvZ
Spawn Locations
Cross Positions
Add a new tag
Caveats
  • Supply blocks, unpowered buildings, or Contaminate may cause inaccurate times.
  • Supply counts are checked every 10 seconds.